Map: [ESL] Berlingrad

Players

Dream

  • Race: Terran Terran

Maru - Winner!

  • Race: Terran Terran

Event: IEM Katowice 2022

VOD

Have the link to the VOD?

Description

Time

  • Played on: Feb. 26, 2022, 7:59 a.m.
  • Length: 17:45

All games in this series

Show
View Real Time Build Order
Export as new Build Order

Dream Terran 

Build Orders: Mech 

Get SALT Encoding   

  12  0:00  SCV  
  13  0:12  SCV  
  14  0:16  Supply Depot  
  14  0:24  SCV  
  15  0:38  SCV, Barracks  
  15  0:42  Refinery  
  16  0:50  SCV  
  16  0:53  Refinery  
  17  1:02  SCV  
  18  1:14  SCV  
  19  1:25  Reaper  
  20  1:26  Orbital Command  
  20  1:29  Supply Depot  
  20  1:41  Factory  
  20  1:52  SCV  
  21  1:57  Reaper  
  22  2:04  SCV  
  23  2:16  SCV  
  23  2:19  Command Center  
  24  2:25  Hellion  
  24  2:28  SCV  
  27  2:30  Barracks Reactor  
  27  2:37  Starport  
  27  2:41  SCV  
  28  2:46  Supply Depot  
  28  2:49  Factory Tech Lab  
  28  2:53  SCV  
  29  3:05  SCV  
  30  3:07  Cyclone  
  30  3:08  Marine  
  30  3:09  Marine  
  35  3:15  Starport Tech Lab  
  35  3:17  SCV  
  36  3:20  Refinery  
  36  3:26  Marine  
  36  3:27  Marine  
  37  3:29  SCV  
  37  3:31  Orbital Command  
  39  3:36  Raven  
  41  3:41  SCV  
  42  3:53  SCV  
  42  3:54  Siege Tank  
  46  3:57  SCV  
  46  4:00  Supply Depot  
  47  4:05  SCV  
  47  4:07  Marine x2  
  47  4:09  SCV  
  44  4:17  SCV  
  44  4:21  SCV, Raven  
  48  4:28  Command Center  
  48  4:30  SCV  
  49  4:33  SCV, Refinery  
  50  4:42  SCV, Siege Tank  
  50  4:45  Supply Depot, SCV  
  55  4:55  SCV  
  55  4:57  SCV  
  57  5:00  Supply Depot  
  57  5:04  Raven  
  60  5:07  SCV  
  60  5:10  SCV  
  60  5:16  Siege Tank  
  60  5:19  SCV  
  64  5:22  SCV  
  64  5:24  Factory  
  65  5:28  Refinery  
  65  5:31  SCV  
  65  5:34  Supply Depot, SCV  
  67  5:42  Supply Depot  
  67  5:43  SCV  
  67  5:44  SCV  
  67  5:46  SCV  
  67  5:48  Siege Tank  
  73  5:50  Barracks Reactor, Refinery  
  73  5:52  Factory  
  73  5:53  Supply Depot  
  73  5:55  SCV  
  75  5:57  Viking  
  75  5:58  SCV  
  75  5:59  Viking  
  75  6:03  Supply Depot  
  79  6:07  SCV  
  79  6:08  Engineering Bay  
  79  6:10  SCV  
  80  6:18  Orbital Command  
  80  6:20  SCV  
  80  6:21  Siege Tank  
  80  6:22  SCV  
  85  6:25  Siege Tank  
  85  6:29  Viking  
  85  6:32  SCV  
  89  6:37  SCV  
  85  6:44  SCV  
  85  6:45  SCV  
  85  6:49  SCV  
  85  6:51  Viking  
  88  6:56  SCV  
  88  7:00  SCV  
  89  7:08  Viking  
  89  7:11  SCV  
  89  7:13  SCV x2  
  94  7:17  Refinery  
  94  7:19  Siege Tank x2  
  100  7:23  SCV, Armory  
  100  7:25  Armory  
  100  7:29  SCV x2  
  103  7:35  Viking  
  103  7:38  SCV, Viking  
  103  7:41  SCV, Hellion  
  103  7:42  Hellion  
  104  7:51  SCV  
  104  7:57  SCV x2  
  101  8:03  SCV  
  101  8:05  Hellion, Viking  
  104  8:06  Hellion  
  104  8:08  Viking  
  104  8:09  Supply Depot  
  104  8:10  Siege Tank x2  
  104  8:12  SCV  
  115  8:14  SCV  
  116  8:20  Terran Vehicle Weapons Level 1, Terran Vehicle And Ship Armor Level 1  
  116  8:21  Supply Depot  
  116  8:22  Supply Depot  
  116  8:27  Command Center  
  116  8:29  SCV  
  117  8:35  Viking  
  117  8:38  Viking  
  121  8:48  Hellion x2  
  121  8:50  Siege Tank x2  
  121  8:52  SCV x3  
  130  8:57  Sensor Tower  
  130  9:04  SCV  
  125  9:14  SCV x2  
  125  9:16  Viking x2  
  121  9:21  Hellion x2  
  121  9:23  Factory  
  125  9:26  Factory  
  123  9:32  Siege Tank  
  123  9:34  Thor  
  130  9:46  Viking x2  
  130  9:49  Hellion x2  
  126  10:08  Thor  
  126  10:09  Factory Reactor  
  126  10:10  Refinery x2  
  126  10:11  Factory Tech Lab  
  132  10:14  Missile Turret, Planetary Fortress  
  132  10:16  Terran Vehicle Weapons Level 2  
  132  10:18  Hellion x2  
  136  10:25  Missile Turret, SCV x3  
  136  10:27  Missile Turret  
  139  10:30  Viking  
  141  10:37  SCV  
  141  10:38  SCV x2  
  143  10:43  Siege Tank x2  
  117  10:51  Siege Tank  
  117  10:54  SCV x3  
  117  10:55  Orbital Command  
  113  11:00  Viking  
  113  11:01  Viking  
  116  11:04  Hellion  
  116  11:10  SCV x3  
  119  11:17  Terran Vehicle And Ship Armor Level 2  
  119  11:18  Orbital Command  
  119  11:21  Siege Tank  
  122  11:27  Siege Tank  
  125  11:41  Sensor Tower  
  125  11:42  Siege Tank  
  125  11:43  Hellion  
  125  11:44  Viking  
  132  11:48  Viking  
  132  11:52  SCV, Refinery  
  132  11:53  SCV, Refinery  
  136  11:55  SCV  
  136  11:59  SCV  
  136  12:00  Sensor Tower  
  138  12:04  SCV  
  139  12:11  SCV x3  
  139  12:12  Siege Tank x2  
  139  12:32  Liberator  
  139  12:35  Liberator  
  139  12:36  Siege Tank  
  142  12:37  Hellion x2  
  144  12:44  Supply Depot, Missile Turret  
  144  12:46  Supply Depot  
  144  12:51  Missile Turret  
  144  12:52  Siege Tank  
  144  12:55  Siege Tank  
  152  12:58  Hellion  
  152  13:08  Terran Vehicle Weapons Level 3  
  152  13:22  Siege Tank  
  148  13:30  Orbital Command  
  148  13:34  Missile Turret, Siege Tank, Sensor Tower  
  151  13:39  Siege Tank  
  154  13:42  Hellion x2  
  158  13:51  SCV x3  
  161  13:55  Siege Tank  
  161  13:58  Hellion x2  
  129  14:03  Hellion  
  129  14:06  Siege Tank  
  129  14:09  SCV  
  128  14:13  Command Center, Siege Tank  
  130  14:19  Refinery  
  130  14:20  Hellion, Refinery  
  130  14:21  Hellion  
  134  14:27  Siege Tank  
  141  14:33  Hellion  
  141  14:36  Hellion  
  145  14:43  Sensor Tower  
  145  14:45  Siege Tank  
  145  14:52  Viking x2  
  148  15:04  Thor  
  148  15:05  Siege Tank  
  154  15:15  Hellion  
  154  15:17  Supply Depot x2  
  156  15:25  Hellion  
  158  15:33  Viking x2  
  162  15:36  Siege Tank  
  162  15:37  Siege Tank  
  162  15:40  Hellion  
  170  15:44  Hellion x2  
  174  15:51  Hellion x2  
  172  16:05  Viking x2  
  173  16:28  Hellion x4  
  173  16:29  Orbital Command  
  173  16:31  Hellion x4  
  171  16:37  Thor  
  171  16:38  Viking x2  
  161  16:45  Thor  
  162  16:47  Missile Turret, Thor  
  162  16:48  Missile Turret  
  168  17:00  Missile Turret  
  136  17:36  Command Center  
Show
View Real Time Build Order
Export as new Build Order

Maru Terran - Winner!

Build Orders:  

Get SALT Encoding   

  12  0:01  SCV  
  13  0:13  SCV  
  14  0:17  Supply Depot  
  14  0:25  SCV  
  15  0:38  SCV  
  15  0:39  Barracks  
  16  0:45  Refinery  
  16  0:51  SCV  
  16  0:52  Refinery  
  17  1:03  SCV  
  18  1:15  SCV  
  19  1:26  Reaper  
  19  1:27  Orbital Command  
  19  1:32  Supply Depot  
  20  1:42  Factory  
  20  1:53  SCV  
  21  1:58  Barracks Reactor  
  21  2:05  SCV  
  22  2:17  SCV  
  23  2:24  Command Center  
  23  2:28  Hellion  
  25  2:31  SCV  
  25  2:35  Reaper x2  
  28  2:42  Supply Depot  
  28  2:43  SCV  
  29  2:50  Hellion  
  31  3:01  Starport  
  31  3:03  SCV  
  32  3:07  Reaper  
  32  3:08  Reaper  
  34  3:13  Hellion  
  34  3:16  SCV  
  37  3:24  Refinery  
  37  3:28  SCV  
  38  3:34  Factory Tech Lab  
  38  3:36  Orbital Command  
  38  3:39  Starport Tech Lab  
  38  3:40  SCV  
  39  3:43  Marine x2  
  41  3:52  SCV, Cyclone  
  45  4:01  Marine x2  
  48  4:02  SCV  
  48  4:04  SCV  
  46  4:15  SCV  
  46  4:16  SCV  
  41  4:17  Raven  
  41  4:18  Marine  
  41  4:19  Marine  
  45  4:26  Siege Tank  
  45  4:27  SCV  
  45  4:28  SCV  
  45  4:30  Supply Depot  
  49  4:37  Marine x2  
  51  4:39  SCV  
  51  4:40  SCV  
  53  4:46  Command Center  
  53  4:51  SCV  
  55  4:52  Supply Depot, SCV  
  55  5:00  Raven  
  55  5:02  Siege Tank  
  55  5:03  SCV  
  61  5:07  SCV  
  61  5:10  Refinery  
  61  5:14  Marine x2  
  62  5:15  SCV  
  62  5:18  Supply Depot  
  65  5:21  Supply Depot  
  65  5:22  SCV  
  65  5:27  SCV  
  67  5:32  Marine  
  67  5:33  Marine  
  67  5:34  SCV  
  70  5:39  SCV, Siege Tank  
  74  5:46  SCV  
  74  5:53  Barracks  
  74  5:55  Barracks, Viking x2  
  74  5:56  SCV  
  79  5:59  Engineering Bay  
  79  6:00  Engineering Bay  
  79  6:04  Orbital Command  
  79  6:06  Stimpack  
  79  6:07  SCV  
  80  6:12  SCV  
  81  6:19  SCV  
  81  6:20  Marine  
  81  6:24  SCV  
  84  6:25  Supply Depot  
  84  6:26  Viking  
  84  6:27  Viking  
  84  6:31  SCV  
  84  6:32  Orbital Command  
  89  6:38  Terran Infantry Weapons Level 1, Terran Infantry Armor Level 1  
  89  6:45  SCV  
  89  6:46  SCV  
  91  6:49  Barracks Reactor  
  91  6:50  Barracks Reactor  
  91  6:57  SCV  
  92  7:02  SCV x2  
  92  7:03  Marine  
  92  7:04  Viking  
  92  7:05  Viking  
  99  7:08  Supply Depot  
  99  7:09  SCV  
  99  7:11  Siege Tank  
  99  7:13  Barracks Tech Lab  
  103  7:18  SCV x2  
  103  7:22  SCV  
  106  7:25  Supply Depot  
  106  7:28  Barracks  
  106  7:29  Barracks  
  106  7:31  SCV x2  
  106  7:34  SCV, Viking x2  
  113  7:40  Supply Depot, Refinery x2  
  113  7:43  SCV  
  114  7:48  SCV  
  114  7:50  SCV  
  106  7:55  Marine x4  
  107  7:58  SCV  
  107  8:00  SCV  
  107  8:04  Viking x2  
  108  8:09  Siege Tank  
  108  8:11  SCV x2  
  113  8:13  Combat Shield  
  113  8:17  Barracks Tech Lab, Armory  
  113  8:18  Barracks Reactor  
  113  8:22  Command Center  
  113  8:24  SCV  
  114  8:28  Marauder x2  
  118  8:35  Marine  
  118  8:36  Marauder  
  118  8:37  Viking  
  118  8:39  SCV  
  118  8:40  Supply Depot  
  124  8:46  SCV  
  125  8:48  Supply Depot, Concussive Shells  
  125  8:49  Marauder  
  125  8:50  Marine, Marauder  
  125  8:52  SCV x2  
  132  8:58  SCV  
  132  9:02  Supply Depot, Marauder, Sensor Tower  
  135  9:09  Marine x2  
  136  9:11  Marauder  
  136  9:12  Marauder  
  136  9:13  Marine  
  136  9:14  Marine  
  136  9:15  SCV  
  136  9:16  Siege Tank  
  128  9:17  Medivac  
  128  9:21  SCV  
  128  9:23  Marauder  
  133  9:25  Medivac, Terran Infantry Weapons Level 2  
  135  9:32  Marauder  
  135  9:33  Terran Infantry Armor Level 2, Marauder  
  135  9:34  Terran Vehicle Weapons Level 1  
  135  9:35  Planetary Fortress  
  139  9:40  Marine  
  139  9:41  Marine  
  139  9:44  SCV x2  
  139  9:45  Marauder  
  145  9:52  Marine  
  140  9:53  Marauder  
  140  9:54  Marauder  
  142  10:01  SCV  
  142  10:03  Medivac x2  
  142  10:05  Marine  
  142  10:06  Marauder  
  148  10:07  SCV  
  148  10:10  Supply Depot  
  149  10:15  Marauder, Marine  
  149  10:16  Barracks, Marauder, Factory  
  149  10:17  Barracks  
  154  10:22  Siege Tank  
  154  10:25  Supply Depot  
  154  10:27  Marine  
  154  10:28  Marauder, Marine  
  161  10:33  Medivac x2  
  165  10:36  Marauder, Marine  
  165  10:37  Marauder  
  163  10:44  Marine  
  163  10:47  Marine x2  
  163  10:49  Marauder  
  155  10:52  Command Center  
  155  10:54  Marine  
  133  10:58  Marauder  
  133  10:59  Marauder  
  133  11:00  Factory Tech Lab, Siege Tank  
  133  11:02  Marine  
  133  11:03  Medivac  
  138  11:04  Marine  
  138  11:05  Marine  
  138  11:09  Barracks Tech Lab x2  
  138  11:10  Marauder  
  139  11:14  Marine  
  140  11:18  Siege Tank  
  140  11:19  Marauder  
  140  11:20  Marine, Marauder  
  140  11:22  Medivac  
  140  11:24  Refinery x2  
  150  11:26  Marine  
  150  11:29  Marauder x2  
  150  11:30  Marine  
  150  11:32  Siege Tank, Marauder, Marine  
  162  11:40  Marauder, Command Center  
  162  11:41  Marauder  
  162  11:46  Terran Infantry Weapons Level 3  
  166  11:49  Marine x2  
  166  11:50  Marauder  
  166  11:51  Marauder  
  166  11:53  Marauder  
  174  11:54  Medivac x2  
  178  12:02  Marauder  
  178  12:03  Marauder  
  182  12:11  Marine  
  182  12:12  Starport x2, Marauder x2  
  182  12:14  Marauder  
  182  12:15  Marine  
  190  12:16  Marine  
  188  12:23  Marauder  
  188  12:24  Marauder  
  188  12:27  Marine  
  188  12:29  Marine  
  173  12:32  Viking x2  
  173  12:33  Marauder x2  
  173  12:36  Marauder  
  178  12:41  Marine x2  
  180  12:45  Marauder  
  180  12:46  Marauder  
  180  12:49  Viking x2  
  188  12:52  Orbital Command  
  188  12:55  Marauder x2  
  188  12:56  Command Center  
  188  12:57  Orbital Command, Marauder  
  194  13:02  Viking x2  
  196  13:12  Terran Infantry Armor Level 3  
  195  13:19  Viking x2  
  190  13:30  Terran Vehicle And Ship Armor Level 1  
  190  13:32  Viking x2, Armory  
  194  13:35  Fusion Core  
  194  13:49  Viking x2  
  194  13:52  Marine  
  180  13:57  Marine  
  180  13:58  Marauder  
  180  13:59  Marine x3, Marauder x2  
  180  14:00  Marauder  
  180  14:02  Viking x2  
  132  14:10  Marine, Siege Tank x2  
  132  14:17  Marauder, Marine, Orbital Command  
  137  14:19  Viking, Marauder  
  137  14:20  Marine  
  137  14:21  Marauder  
  137  14:23  Terran Ship Weapons Level 1  
  146  14:32  Advanced Ballistics, Viking x2  
  150  14:39  Barracks Reactor, Marauder x2, Marine x2  
  150  14:40  Marauder  
  150  14:41  Marauder  
  150  14:42  Marine  
  150  14:43  Liberator  
  150  14:44  Liberator  
  167  14:48  SCV x4, Refinery  
  167  14:49  SCV, Refinery, Viking  
  167  14:50  Orbital Command  
  174  14:57  Siege Tank x2  
  180  15:02  Viking x2  
  184  15:19  Liberator  
  187  15:26  Liberator  
  190  15:28  Sensor Tower  
  190  15:29  Command Center  
  190  15:30  Liberator  
  190  15:34  Starport  
  190  15:35  Starport  
  182  16:05  Sensor Tower  
  182  16:08  Missile Turret  
  182  16:10  Missile Turret, Liberator x4  
  185  16:24  Siege Tank  
  185  16:25  Siege Tank  
  186  16:33  Marine  
  186  16:34  Marine, Marauder x2  
  186  16:38  Marine  
  186  16:39  Marine, Medivac x2, Marauder x2  
  197  16:44  SCV x2  
  197  16:45  SCV  
  200  17:07  Marine x4  
  200  17:08  Marauder x2  

Tags
 
Add a new tag
Caveats
  • Supply blocks, unpowered buildings, or Contaminate may cause inaccurate times.
  • Supply counts are checked every 10 seconds.